 Dungeon Crawl Stone Soup version 0.25.1-8-g42b30a86e7 (webtiles) character file.

Game seed: 17166405299196560616

80 Acheron the Shooter (level 4, -10/37 HPs)
             Began as a Draconian Wanderer on Dec 20, 2020.
             Killed by nerve-wracking pain
             ... invoked by a shadow imp
             ... summoned by Natasha
              (13 damage)
             ... on level 2 of the Dungeon.
             The game lasted 00:12:29 (2067 turns).

Acheron the Shooter (Draconian Wanderer)            Turns: 2067, Time: 00:12:33

Health: -10/37     AC:  6    Str: 16    XL:     4   Next: 18%
Magic:  7/7        EV: 11    Int: 12    God:
Gold:   82         SH:  0    Dex: 10    Spells: 6/7 levels left

rFire    . . .     SeeInvis .   j - +1 spear (vorpal)
rCold    . . .     Gourm    .   (no shield)
rNeg     . . .     Faith    .   (armour unavailable)
rPois    .         Spirit   .   (helmet restricted)
rElec    .         Reflect  .   k - +0 cloak
rCorr    .         Harm     .   (no gloves)
MR       .....                  (no boots)
Stlth    ++........             (no amulet)
HPRegen  0.12/turn              (no ring)
MPRegen  0.10/turn              (no ring)

@: no status effects
A: unfitting armour, cold-blooded, AC +5
a: no special abilities


You were on level 2 of the Dungeon.
You were hungry.

You visited 1 branch of the dungeon, and saw 3 of its levels.

You collected 82 gold pieces.

Inventory:

Hand Weapons
 a - a +3 shortbow
 g - a +0 dagger
 j - a +1 vorpal spear (weapon)
Missiles
 b - 20 arrows
 h - 51 stones (quivered)
Armour
 k - a +0 cloak (worn)
Jewellery
 m - a cursed ring of teleportation {unknown}
Scrolls
 e - 2 scrolls of immolation
 i - a scroll of identify
 q - 2 scrolls of teleportation {unknown}
 r - a scroll of noise {unknown}
Potions
 c - a potion of resistance {unknown}
 d - a potion of lignification
 l - a potion of curing
 n - a potion of stabbing
 o - a potion of flight {unknown}
 p - 2 potions of brilliance {unknown}
 s - a potion of magic {unknown}
Comestibles
 f - 4 rations
 t - 3 chunks of flesh


   Skills:
 * Level 2.5 Fighting
 + Level 0.1 Short Blades
 * Level 0.1 Polearms
 + Level 3.3 Bows
 + Level 1.0 Throwing
 * Level 1.0 Dodging
 * Level 1.6 Stealth
   Level 1.0 Shields
 * Level 2.3 Spellcasting
   Level 1.0 Summonings
 * Level 1.0 Transmutations


You had 6 spell levels left.
You knew the following spells:

 Your Spells              Type           Power        Failure   Level  Hunger
a - Beastly Appendage     Tmut           #.....       17%         1    ##.....

Your spell library contained the following spells:

 Spells                   Type           Power        Failure   Level  Hunger
 Spider Form              Tmut/Pois      #.........   54%         3    ####...


Dungeon Overview and Level Annotations

Branches:
Dungeon (3/15)

Altars:

Annotations:
D:2 Natasha


Innate Abilities, Weirdness & Mutations

Your plain brown scales are hard. (AC +5)
You cannot fit into any form of body armour.
You are cold-blooded and may be slowed by cold attacks.


Message History

Natasha is severely wounded.
Natasha claws you.
The white imp hits you but does no damage.
You hit Natasha.
You tail-slap Natasha, but do no damage.
Natasha is almost dead.
Natasha casts a spell at you. The magic dart hits you.
The white imp gestures at you. The puff of frost hits you.
* * * LOW HITPOINT WARNING * * *
Natasha mumbles some strange words.
You hit Natasha but do no damage.
Natasha is almost dead.
The white imp gestures at you. The puff of frost hits you!
* * * LOW HITPOINT WARNING * * *
The shadow imp gestures at you. Pain shoots through your body!
You die...

............#........##...รท......
<...........#........+...........
............#........##..)..^....
#...........######### #......####
...........## #....########.#
....##.....# #.............####
....###.########.................
...........##....................
............+..h@5...............
...........##..5.##..............
...........##....##..............
...........##....##..............
...........##....##..............
#############....###########.....
#....# #..... #....# #..... ######


You could see Natasha, a white imp (summoned) and a shadow imp (summoned).

Vanquished Creatures
  2 adders
  2 worms (D:2)
  2 dart slugs
  4 leopard geckos
  3 bats
  2 giant cockroaches
  6 goblins (D:1)
  8 hobgoblins (D:1)
  A quokka (D:3)
  2 ball pythons
  6 kobolds
  9 rats
47 creatures vanquished.

Notes
Turn   | Place    | Note
-------+----------+-------------------------------------------
     0 | D:1      | Acheron the Draconian Wanderer began the quest for the Orb.
     0 | D:1      | Acheron set off with the following items: a +2 shortbow, 28
                  | arrows, a potion of lignification, a ration; and the
                  | following spell memorised: Beastly Appendage; and the
                  | following spells available to memorise: Spider Form
     0 | D:1      | Reached XP level 1. HP: 17/17 MP: 3/3
   107 | D:1      | Reached skill level 1 in Stealth
   233 | D:1      | Reached XP level 2. HP: 25/25 MP: 5/5
   439 | D:1      | Reached skill level 3 in Bows
   776 | D:1      | Reached XP level 3. HP: 30/30 MP: 6/6
  1373 | D:2      | Reached skill level 1 in Dodging
  1626 | D:2      | Reached skill level 1 in Transmutations
  1626 | D:2      | Reached XP level 4. HP: 21/37 MP: 7/7
  2057 | D:2      | Noticed Natasha
  2067 | D:2      | Killed from afar by a shadow imp

Illustrated notes

Levels and vault maps discovered:
D:1:      shiori_shiawase, layout_basic
D:2:      layout_basic, uniq_natasha
D:3:      layout_basic, first_ration

Skill      XL: |  1  2  3 |
---------------+----------+-----
Stealth        | 1 |  1.6
Bows           | 3 |  3.3
Dodging        | 1 |  1.0
Transmutations | 1 |  1.0
Fighting       | |  2.5
Short Blades   | |  0.1
Polearms       | |  0.1
Throwing       | |  1.0
Shields        | |  1.0
Spellcasting   | |  2.3
Summonings     | |  1.0

Action                   |  1- 3 |  4- 6 || total
-------------------------+-------+-------++-------
Melee: Dagger            |    31 |       ||    31
       Spear             |    33 |    16 ||    49
       Tailslap          |     4 |     2 ||     6
 Fire: Shortbow          |    79 |       ||    79
  Use: Scroll            |     8 |       ||     8
  Eat: Chunk             |     2 |     1 ||     3
Armor: Skin              |    41 |     4 ||    45
Dodge: Dodged            |    81 |     5 ||    86
